| TOP OF THE 1ST |
|
Princeton Rays batting - Pitching for Burlington Royals : RHP Mike Tuck
|
|
Pitching: RHP Mike Tuck
|
|
|
Batting: SHB Chris Lockart
|
0-0: Ball 1-0: Called Strike 1-1: Foul Ball, location: 2F 1-2: Fly out, F7 (Flyball, 7S, EV 95.0 MPH)
|
|
Batting: RHB Chris Thorson
|
0-0: Foul Ball, location: 2F 0-1: Called Strike 0-2: Ball 1-2: Foul Ball, location: 2F 1-2: SINGLE (Flyball, 4D, EV 85.6 MPH)
|
|
Batting: SHB Lou Kroneman
|
0-0: Ball 1-0: Ball 2-0: Foul Ball, location: 2F 2-1: Foul Ball, location: 2F 2-2: Foul Ball, location: 2F 2-2: Foul Ball, location: 2F 2-2: Strikes out swinging
|
|
Batting: RHB Wil Urban
|
0-0: Called Strike 0-1: Ball 1-1: Called Strike 1-2: Ball 2-2: Foul Ball, location: 2F 2-2: Foul Ball, location: 2F 2-2: Ball 3-2: Base on Balls Chris Thorson to second
|
|
Batting: RHB Dan Marks
|
0-0: Foul Ball, location: 2F 0-1: TRIPLE (Flyball, 89XD, EV 92.5 MPH) Chris Thorson scores Wil Urban scores
|
|
Batting: SHB Wayne Hattan
|
0-0: Called Strike 0-1: Called Strike 0-2: Ground out 6-3 (Groundball, 6, EV 77.5 MPH)
|
| Top of the 1st over - 2 runs, 2 hits, 0 errors, 1 left on base; Princeton 2 - Burlington 0 |
| BOTTOM OF THE 1ST |
|
Burlington Royals batting - Pitching for Princeton Rays : LHP Jonathan Daniels
|
|
Pitching: LHP Jonathan Daniels
|
|
|
Batting: RHB Tim Persson
|
0-0: Ground out 5-3 (Groundball, 5, EV 99.4 MPH)
|
|
Batting: LHB Ernesto Abreu
|
0-0: Ball 1-0: Foul Ball, location: 2F 1-1: Ground out 5-3 (Groundball, 56, EV 87.5 MPH)
|
|
Batting: SHB Manny Berrones
|
0-0: Ball 1-0: Ball 2-0: Foul Ball, location: 2F 2-1: Fly out, F8 (Flyball, 8RM, EV 96.3 MPH)
|
| Bottom of the 1st over - 0 runs, 0 hits, 0 errors, 0 left on base; Princeton 2 - Burlington 0 |
| TOP OF THE 2ND |
|
Princeton Rays batting - Pitching for Burlington Royals : RHP Mike Tuck
|
|
Batting: LHB Josh Redfern
|
0-0: Called Strike 0-1: Ball 1-1: Ball 2-1: SINGLE (Groundball, 4, EV 95.0 MPH)
|
|
Batting: LHB Zach Rose
|
0-0: Ball 1-0: Swinging Strike 1-1: Called Strike 1-2: Foul Ball, location: 2F 1-2: Strikes out looking
|
|
Batting: RHB Kunizo Yanagisawa
|
0-0: Foul Ball, location: 2F 0-1: Swinging Strike 0-2: Ball 1-2: DOUBLE (Groundball, 5L, EV 106.3 MPH) Josh Redfern to third
|
|
Batting: SHB Chris Lockart
|
0-0: Ball 1-0: Called Strike 1-1: Foul Ball, location: 2F 1-2: Ball 2-2: Ball 3-2: Foul Ball, location: 2F 3-2: Strikes out swinging
|
|
Batting: RHB Chris Thorson
|
0-0: Ground out U3 (Groundball, 34, EV 99.4 MPH)
|
| Top of the 2nd over - 0 runs, 2 hits, 0 errors, 2 left on base; Princeton 2 - Burlington 0 |
| BOTTOM OF THE 2ND |
|
Burlington Royals batting - Pitching for Princeton Rays : LHP Jonathan Daniels
|
|
Batting: SHB Danny Ballenger
|
0-0: Called Strike 0-1: Ball 1-1: Swinging Strike 1-2: Fly out, F3 (Popup, 34, EV 75.0 MPH)
|
|
Batting: LHB Bobby Gonzalez
|
0-0: Called Strike 0-1: Ball 1-1: Ball 2-1: Swinging Strike 2-2: Foul Ball, location: 2F 2-2: Foul Ball, location: 2F 2-2: Ball 3-2: Ground out 3-1 (Groundball, 34, EV 80.6 MPH)
|
|
Batting: RHB Rob Ward
|
0-0: Called Strike 0-1: Ball 1-1: Ball 2-1: Ground out 6-3 (Groundball, 6M, EV 107.5 MPH)
|
| Bottom of the 2nd over - 0 runs, 0 hits, 0 errors, 0 left on base; Princeton 2 - Burlington 0 |
| TOP OF THE 3RD |
|
Princeton Rays batting - Pitching for Burlington Royals : RHP Mike Tuck
|
|
Batting: SHB Lou Kroneman
|
0-0: Swinging Strike 0-1: Ball 1-1: Foul Ball, location: 2F 1-2: Ball 2-2: SINGLE (Groundball, 34D, EV 88.1 MPH) (infield hit)
|
|
Batting: RHB Wil Urban
|
0-0: Foul Ball, location: 2F 0-1: Ball 1-1: Foul Ball, location: 2F 1-2: Foul Ball, location: 2F 1-2: 2-RUN HOME RUN (Line Drive, 78XD, EV 108.1 MPH), Distance : 417 ft
|
|
Batting: RHB Dan Marks
|
0-0: Called Strike 0-1: Reached on error, E6 (Groundball, 6, EV 106.3 MPH)
|
|
Batting: SHB Wayne Hattan
|
0-0: Ball 1-0: Foul Ball, location: 2F 1-1: Ball 2-1: Called Strike 2-2: Strikes out looking
|
|
Batting: LHB Josh Redfern
|
0-0: Foul Ball, location: 2F 0-1: SINGLE (Groundball, 6MD, EV 99.4 MPH) Dan Marks to second
|
|
Batting: LHB Zach Rose
|
0-0: Called Strike 0-1: SINGLE (Line Drive, 4M, EV 108.8 MPH) Dan Marks to third Josh Redfern to second Runner from 3rd tries for Home, SAFE, throw by CF to home
|
|
Pitching: RHP Philip Terrell
|
|
|
Batting: RHB Kunizo Yanagisawa
|
0-0: Ball 1-0: Called Strike 1-1: Foul Ball, location: 2F 1-2: Strikes out swinging
|
|
Batting: SHB Chris Lockart
|
0-0: Swinging Strike 0-1: Foul Ball, location: 2F 0-2: Foul Ball, location: 2F 0-2: Fly out, F7 (Line Drive, 7D, EV 91.3 MPH)
|
| Top of the 3rd over - 3 runs, 4 hits, 1 error, 2 left on base; Princeton 5 - Burlington 0 |
| BOTTOM OF THE 3RD |
|
Burlington Royals batting - Pitching for Princeton Rays : LHP Jonathan Daniels
|
|
Batting: SHB Marcos Cortez
|
0-0: Foul Ball, location: 2F 0-1: Called Strike 0-2: Foul Ball, location: 2F 0-2: Ball 1-2: Ball 2-2: Foul Ball, location: 2F 2-2: Strikes out swinging
|
|
Batting: RHB Shane Bruce
|
0-0: Swinging Strike 0-1: Ball 1-1: Foul Ball, location: 2F 1-2: Foul Ball, location: 2F 1-2: Strikes out swinging
|
|
Batting: LHB Hyoji Kawabata
|
0-0: Ball 1-0: Called Strike 1-1: Ground out 6-3 (Groundball, 56, EV 109.4 MPH)
|
| Bottom of the 3rd over - 0 runs, 0 hits, 0 errors, 0 left on base; Princeton 5 - Burlington 0 |
| TOP OF THE 4TH |
|
Princeton Rays batting - Pitching for Burlington Royals : RHP Philip Terrell
|
|
Batting: RHB Chris Thorson
|
0-0: Ball 1-0: Ball 2-0: Ball 3-0: Base on Balls
|
|
Batting: SHB Lou Kroneman
|
0-0: 2-RUN HOME RUN (Flyball, 7D, EV 98.1 MPH), Distance : 372 ft
|
|
Batting: RHB Wil Urban
|
0-0: Ball 1-0: Ball 2-0: Ball 3-0: Called Strike 3-1: Base on Balls
|
|
Batting: RHB Dan Marks
|
0-0: Foul Ball, location: 2F 0-1: Ball 1-1: Fielders Choice at 2nd, 4-6 (Groundball, 4, EV 80.6 MPH)
|
|
Batting: SHB Wayne Hattan
|
0-0: Fly out, F9 (Flyball, 9LS, EV 92.5 MPH)
|
|
Batting: LHB Josh Redfern
|
0-0: Ball 1-0: 2-RUN HOME RUN (Flyball, 9D, EV 97.5 MPH), Distance : 360 ft
|
|
Batting: LHB Zach Rose
|
0-0: Ball 1-0: Ball 2-0: SINGLE (Groundball, 6MD, EV 96.9 MPH)
|
|
Batting: RHB Kunizo Yanagisawa
|
0-0: Foul Ball, location: 2F 0-1: Foul Ball, location: 2F 0-2: Ball Wild Pitch! Zach Rose to second 1-2: Strikes out looking
|
| Top of the 4th over - 4 runs, 3 hits, 0 errors, 1 left on base; Princeton 9 - Burlington 0 |
| BOTTOM OF THE 4TH |
|
Burlington Royals batting - Pitching for Princeton Rays : LHP Jonathan Daniels
|
|
Batting: RHB Tim Persson
|
0-0: Foul Ball, location: 2F 0-1: Called Strike 0-2: Ball 1-2: Ball 2-2: Ball 3-2: Strikes out swinging
|
|
Batting: LHB Ernesto Abreu
|
0-0: Ball 1-0: Ball 2-0: Called Strike 2-1: Foul Ball, location: 2F 2-2: Hit by Pitch
|
|
Batting: SHB Manny Berrones
|
0-0: Ball 1-0: Swinging Strike 1-1: Ball Ernesto Abreu steals 2nd base (no throw) 2-1: Called Strike 2-2: Strikes out swinging
|
|
Batting: SHB Danny Ballenger
|
0-0: Ball 1-0: Foul Ball, location: 2F 1-1: Ball 2-1: Ball 3-1: Called Strike 3-2: Ground out 5-3 (Groundball, 56, EV 103.1 MPH)
|
| Bottom of the 4th over - 0 runs, 0 hits, 0 errors, 1 left on base; Princeton 9 - Burlington 0 |
| TOP OF THE 5TH |
|
Princeton Rays batting - Pitching for Burlington Royals : RHP Philip Terrell
|
|
Batting: SHB Chris Lockart
|
0-0: Ball 1-0: Swinging Strike 1-1: Ground out 6-3 (Groundball, 6, EV 105.6 MPH)
|
|
Pitching: RHP Junsuke Abe
|
|
|
Batting: RHB Chris Thorson
|
0-0: Swinging Strike 0-1: Ball 1-1: Called Strike 1-2: Fly out, F7 (Line Drive, 7, EV 101.3 MPH)
|
|
Batting: SHB Lou Kroneman
|
0-0: Called Strike 0-1: Foul Ball, location: 2F 0-2: Foul Ball, location: 2F 0-2: Ball 1-2: Ball 2-2: Strikes out swinging
|
| Top of the 5th over - 0 runs, 0 hits, 0 errors, 0 left on base; Princeton 9 - Burlington 0 |
| BOTTOM OF THE 5TH |
|
Burlington Royals batting - Pitching for Princeton Rays : LHP Jonathan Daniels
|
|
Batting: LHB Bobby Gonzalez
|
0-0: Ball 1-0: Swinging Strike 1-1: Ball 2-1: Swinging Strike 2-2: Strikes out swinging
|
|
Batting: RHB Rob Ward
|
0-0: Ball 1-0: Ball 2-0: SINGLE (Flyball, 3D, EV 83.8 MPH)
|
|
Batting: SHB Marcos Cortez
|
0-0: Called Strike 0-1: Ball 1-1: Ball Wild Pitch! Rob Ward to second 2-1: Swinging Strike 2-2: Strikes out looking
|
|
Batting: RHB Shane Bruce
|
0-0: Ball 1-0: Swinging Strike 1-1: Swinging Strike 1-2: Strikes out looking
|
| Bottom of the 5th over - 0 runs, 1 hit, 0 errors, 1 left on base; Princeton 9 - Burlington 0 |
| TOP OF THE 6TH |
|
Princeton Rays batting - Pitching for Burlington Royals : RHP Junsuke Abe
|
|
Batting: RHB Wil Urban
|
0-0: Ball 1-0: Called Strike 1-1: Ball 2-1: Fly out, F8 (Flyball, 89XD, EV 88.8 MPH)
|
|
Batting: RHB Dan Marks
|
0-0: Foul Ball, location: 2F 0-1: Ball 1-1: DOUBLE (Groundball, 5L, EV 106.3 MPH)
|
|
Batting: SHB Wayne Hattan
|
0-0: Ball 1-0: Called Strike 1-1: Ball 2-1: Swinging Strike 2-2: Ball 3-2: Ground out U3 (Groundball, 34, EV 80.6 MPH) Dan Marks to third
|
|
Batting: LHB Josh Redfern
|
0-0: Foul Ball, location: 2F 0-1: Swinging Strike 0-2: Foul Ball, location: 2F 0-2: Ball 1-2: SINGLE (Groundball, 56D, EV 105.6 MPH) Dan Marks scores
|
|
Batting: LHB Zach Rose
|
0-0: Ball 1-0: Foul Ball, location: 2F 1-1: Swinging Strike 1-2: Ball 2-2: Foul Ball, location: 2F 2-2: Ball 3-2: Strikes out swinging, 2-3 out at first.
|
| Top of the 6th over - 1 run, 2 hits, 0 errors, 1 left on base; Princeton 10 - Burlington 0 |
| BOTTOM OF THE 6TH |
|
Burlington Royals batting - Pitching for Princeton Rays : LHP Jonathan Daniels
|
|
Batting: LHB Hyoji Kawabata
|
0-0: Ground out U3 (Groundball, 3L, EV 79.4 MPH)
|
|
Batting: RHB Tim Persson
|
0-0: Ball 1-0: Ground out 2-3 (Groundball, 2L, EV 66.9 MPH)
|
|
Batting: LHB Ernesto Abreu
|
0-0: Called Strike 0-1: Called Strike 0-2: Strikes out swinging
|
| Bottom of the 6th over - 0 runs, 0 hits, 0 errors, 0 left on base; Princeton 10 - Burlington 0 |
| TOP OF THE 7TH |
|
Princeton Rays batting - Pitching for Burlington Royals : RHP Junsuke Abe
|
|
Batting: RHB Kunizo Yanagisawa
|
0-0: Ball 1-0: Called Strike 1-1: Ground out 4-3 (Groundball, 4, EV 83.8 MPH)
|
|
Batting: SHB Chris Lockart
|
0-0: Called Strike 0-1: Ball 1-1: SINGLE (Groundball, 34D, EV 95.6 MPH)
|
|
Batting: RHB Chris Thorson
|
0-0: Called Strike 0-1: Ball 1-1: Grounds into double play, 5-4-3 (Groundball, 5, EV 87.5 MPH)
|
| Top of the 7th over - 0 runs, 1 hit, 0 errors, 0 left on base; Princeton 10 - Burlington 0 |
| BOTTOM OF THE 7TH |
|
Burlington Royals batting - Pitching for Princeton Rays : LHP Jonathan Daniels
|
|
Batting: SHB Manny Berrones
|
0-0: Ball 1-0: Swinging Strike 1-1: Ball 2-1: Ball 3-1: Foul Ball, location: 2F 3-2: Strikes out looking
|
|
Batting: SHB Danny Ballenger
|
0-0: Ball 1-0: Called Strike 1-1: Ball 2-1: Foul Ball, location: 2F 2-2: Foul Ball, location: 2F 2-2: Strikes out swinging
|
|
Batting: LHB Bobby Gonzalez
|
0-0: Ball 1-0: Ball 2-0: Called Strike 2-1: Foul Ball, location: 2F 2-2: Ground out 6-3 (Groundball, 56, EV 85.6 MPH)
|
| Bottom of the 7th over - 0 runs, 0 hits, 0 errors, 0 left on base; Princeton 10 - Burlington 0 |
| TOP OF THE 8TH |
|
Princeton Rays batting - Pitching for Burlington Royals : RHP Junsuke Abe
|
|
Batting: SHB Lou Kroneman
|
0-0: Ball 1-0: Called Strike 1-1: Foul Ball, location: 2F 1-2: Ball 2-2: Foul Ball, location: 2F 2-2: Foul Ball, location: 2F 2-2: DOUBLE (Flyball, 7LD, EV 95.6 MPH)
|
|
Pitching: RHP Ted Splawn
|
|
|
Batting: RHB Wil Urban
|
0-0: Ball 1-0: Called Strike 1-1: Ball 2-1: Ball 3-1: Foul Ball, location: 2F 3-2: Foul Ball, location: 2F 3-2: Foul Ball, location: 2F 3-2: Foul Ball, location: 2F 3-2: Strikes out swinging
|
|
Batting: RHB Dan Marks
|
0-0: Ball 1-0: Ball 2-0: Ball 3-0: Called Strike 3-1: Base on Balls
|
|
Batting: SHB Wayne Hattan
|
0-0: Foul Ball, location: 2F 0-1: Ball 1-1: Foul Ball, location: 2F 1-2: Reached on error, E3 (Groundball, 34S, EV 90.6 MPH) Lou Kroneman to third Dan Marks to second
|
|
Batting: LHB Josh Redfern
|
0-0: Ball 1-0: Called Strike 1-1: Foul Ball, location: 2F 1-2: Strikes out swinging
|
|
Batting: LHB Zach Rose
|
0-0: Swinging Strike Passed Ball! Lou Kroneman scores Dan Marks to third Wayne Hattan to second 0-1: Ground out 5-3 (Groundball, 56, EV 100.0 MPH)
|
| Top of the 8th over - 1 run, 1 hit, 1 error, 2 left on base; Princeton 11 - Burlington 0 |
| BOTTOM OF THE 8TH |
|
Burlington Royals batting - Pitching for Princeton Rays : LHP Jonathan Daniels
|
|
Batting: RHB Rob Ward
|
0-0: Called Strike 0-1: Ball 1-1: Ground out 6-3 (Groundball, 56D, EV 81.9 MPH)
|
|
Batting: SHB Marcos Cortez
|
0-0: Ball 1-0: Swinging Strike 1-1: Called Strike 1-2: Ball 2-2: Strikes out swinging
|
|
Batting: RHB Shane Bruce
|
0-0: Ball 1-0: Ball 2-0: Ball 3-0: Called Strike 3-1: Swinging Strike 3-2: Foul Ball, location: 2F 3-2: Base on Balls
|
|
Batting: LHB Hyoji Kawabata
|
0-0: Called Strike 0-1: Foul Ball, location: 2F 0-2: Strikes out looking
|
| Bottom of the 8th over - 0 runs, 0 hits, 0 errors, 1 left on base; Princeton 11 - Burlington 0 |
| TOP OF THE 9TH |
|
Princeton Rays batting - Pitching for Burlington Royals : RHP Ted Splawn
|
|
Batting: RHB Kunizo Yanagisawa
|
0-0: Called Strike 0-1: Foul Ball, location: 2F 0-2: Foul Ball, location: 2F 0-2: Ball 1-2: Strikes out swinging
|
|
Batting: SHB Chris Lockart
|
0-0: Ball 1-0: Called Strike 1-1: Swinging Strike 1-2: Foul Ball, location: 2F 1-2: Ball 2-2: Ball 3-2: SINGLE (Line Drive, 89S, EV 89.4 MPH)
|
|
Batting: RHB Chris Thorson
|
0-0: Swinging Strike 0-1: Foul Ball, location: 2F 0-2: Ball 1-2: Strikes out looking
|
|
Batting: SHB Lou Kroneman
|
0-0: Foul Ball, location: 2F 0-1: DOUBLE (Line Drive, 89D, EV 105.0 MPH) Chris Lockart to third
|
|
Batting: RHB Wil Urban
|
0-0: Foul Ball, location: 2F 0-1: Ball 1-1: Foul Ball, location: 2F 1-2: Foul Ball, location: 2F 1-2: Ball 2-2: Foul Ball, location: 2F 2-2: Foul Ball, location: 2F 2-2: Ball 3-2: Base on Balls
|
|
Pitching: RHP Neil Drain
|
|
|
Batting: RHB Dan Marks
|
0-0: SINGLE (Groundball, 6D, EV 105.6 MPH) Chris Lockart scores Lou Kroneman to third Wil Urban to second Throwing error, E7 Lou Kroneman scores Wil Urban to third Dan Marks to second
|
|
Batting: SHB Wayne Hattan
|
0-0: Ball Wild Pitch! Wil Urban scores Dan Marks to third 1-0: Called Strike 1-1: Called Strike 1-2: Foul Ball, location: 2F 1-2: 2-RUN HOME RUN (Flyball, 8LXD, EV 114.4 MPH), Distance : 443 ft
|
|
Batting: LHB Josh Redfern
|
0-0: Foul Ball, location: 2F 0-1: Ball 1-1: Ball 2-1: Ball 3-1: Called Strike 3-2: Base on Balls
|
|
Batting: LHB Zach Rose
|
0-0: Foul Ball, location: 2F 0-1: Ball Passed Ball! Josh Redfern to second 1-1: Ball 2-1: Ball Wild Pitch! Josh Redfern to third 3-1: Foul Ball, location: 2F 3-2: Foul Ball, location: 2F 3-2: Foul Ball, location: 2F 3-2: Foul Ball, location: 2F 3-2: Foul Ball, location: 2F 3-2: Ground out 6-3 (Groundball, 6M, EV 105.0 MPH)
|
| Top of the 9th over - 5 runs, 4 hits, 1 error, 1 left on base; Princeton 16 - Burlington 0 |
| BOTTOM OF THE 9TH |
|
Burlington Royals batting - Pitching for Princeton Rays : LHP Jonathan Daniels
|
|
Pitching: RHP John Morgan
|
|
|
Batting: RHB Tim Persson
|
0-0: Foul Ball, location: 2F 0-1: Ball 1-1: Called Strike 1-2: Strikes out swinging
|
|
Batting: LHB Ernesto Abreu
|
0-0: Ball 1-0: Ball 2-0: Ball 3-0: Called Strike 3-1: Called Strike 3-2: Foul Ball, location: 2F 3-2: Foul Ball, location: 2F 3-2: Foul Ball, location: 2F 3-2: Base on Balls
|
|
Batting: SHB Manny Berrones
|
0-0: Ball 1-0: Ball 2-0: SINGLE (Groundball, 4S, EV 71.3 MPH) (infield hit) Ernesto Abreu to second
|
|
Batting: SHB Danny Ballenger
|
0-0: Foul Ball, location: 2F 0-1: Foul Ball, location: 2F 0-2: Strikes out swinging
|
|
Batting: LHB Bobby Gonzalez
|
0-0: Foul Ball, location: 2F 0-1: Swinging Strike 0-2: Ball 1-2: Ball 2-2: Strikes out swinging
|
| Bottom of the 9th over - 0 runs, 1 hit, 0 errors, 2 left on base; Princeton 16 - Burlington 0 |
|